 Dungeon Crawl Stone Soup version 0.17-a0-1046-ga09e34d (webtiles) character file.

264 RobertPalmer the Slasher (level 6, -11/56 HPs)
             Began as a Naga Chaos Knight on May 15, 2015.
             Mangled by a killer bee (14 damage)
             ... on level 4 of the Dungeon.
             The game lasted 00:04:13 (2318 turns).

RobertPalmer the Slasher (Naga Chaos Knight)        Turns: 2318, Time: 00:04:13

Health: -11/56     AC:  6    Str: 14    XL:     6   Next: 19%
Magic:  6/6        EV:  9    Int: 15    God:    Xom [...*..]
Gold:   161        SH:  0    Dex: 10    Spells: 0 memorised, 5 levels left

rFire  . . .     SeeInvis +     a - +0 falchion (chaos)
rCold  . . .     Clarity  .     b - +3 leather armour
rNeg   . . .     SustAb   .     (no shield)
rPois  +         Gourm    .     (no helmet)
rElec  .         Spirit   .     (no cloak)
rCorr  .         Warding  .     (no gloves)
rMut   .         Stasis   .     (no barding)
MR     .....                    (no amulet)
Stlth  +.........               (no ring)
                                (no ring)

@: short of breath, flying, very slightly contaminated, hasted, quick, not
resistant to hostile enchantments, very unstealthy
A: see invisible, deformed body, poison resistance, slowness 2, slow metabolism
1, spit poison 2, AC +2
a: Spit Poison, Renounce Religion


You were on level 4 of the Dungeon.
You worshipped Xom.
You were a favourite toy of Xom.
You were hungry.

You visited 1 branch of the dungeon, and saw 4 of its levels.

You collected 161 gold pieces.

Inventory:

Hand weapons
 a - a +0 falchion of chaos (weapon)
Armour
 b - a +3 leather armour (worn)
Jewellery
 j - an uncursed ring of ice {rC+, rF-}
   (You found it on level 2 of the Dungeon)
Scrolls
 d - a scroll of identify
 g - 4 scrolls of enchant armour
Potions
 e - a potion of heal wounds {unknown}
 l - a potion of agility {unknown}
 o - a potion of brilliance {unknown}
Comestibles
 c - a bread ration {@e1}
 f - a chunk of flesh {@w0}
 h - a slice of pizza
 i - 2 meat rations {@e2}


   Skills:
 - Level 3.0 Fighting
 + Level 6.7 Long Blades
 - Level 1.5 Armour
 - Level 0.7 Dodging


You had 5 spell levels left.
You didn't know any spells.

Dungeon Overview and Level Annotations

Branches:
Dungeon (4/15)
 Temple: D:4-7

Altars:

Annotations:
D:3 Sigmund
Abyss:1 Ijyb


Innate Abilities, Weirdness & Mutations

You cannot wear boots.
Your serpentine skin is tough (AC +2).
You have supernaturally acute eyesight.
Armour fits poorly on your strangely shaped body.
Your system is resistant to poisons.
You cover ground very slowly.
You have a slow metabolism.
You can spit poison.


Message History

The hobgoblin hits you but does no damage.
The jackal bites you but does no damage.
The jackal barely misses you.
You slash the hobgoblin! You freeze the hobgoblin.
You kill the hobgoblin!
The adder returns to its original shape as it dies.
The bat hits you but does no damage. The jackal misses you.
The jackal bites you but does no damage.
The jackal closely misses you.
You hit the centaur skeleton. You burn the centaur skeleton.
The bat hits you but does no damage. The jackal completely misses you.
The jackal closely misses you. The centaur skeleton hits you.
The jackal bites you but does no damage.
You take 1 damage, and have 34/56 hp.
You slash the centaur skeleton! The jackal bites you.
The jackal completely misses you. The jackal barely misses you.
The bat hits you but does no damage.
The centaur skeleton hits you but does no damage.
You take 1 damage, and have 33/56 hp.
You slash the centaur skeleton!
The centaur skeleton appears confused.
The bat hits you but does no damage.
The jackal bites you but does no damage.
The jackal closely misses you. The bat hits you but does no damage.
The jackal closely misses you.
An adder comes into view.
The centaur skeleton hits you but does no damage.
The bat hits you but does no damage.
You see here an adder corpse.
You open the door. The bat barely misses you.
Found a stone staircase leading up.
Unknown command.
The jackal bites you.
There is an open door here.
You take 2 damage, and have 32/56 hp.
You closely miss the jackal.
The jackal bites you but does no damage.
You slash the jackal! You closely miss the jackal.
The jackal bites you but does no damage.
You hit the jackal but do no damage. The jackal misses you.
You barely miss the jackal. The jackal barely misses you.
You hit the jackal.
You kill the jackal!
The jackal bites you.
The jackal bites you but does no damage.
The adder bites you. The jackal closely misses you. The jackal bites you.
The adder bites you.
You see here an adder corpse.
You take 11 damage, and have 22/56 hp.
Unknown command.
There is an open door here.
You hit the jackal but do no damage.
The jackal seems to speed up.
Xom is highly amused!
The jackal barely misses you. The jackal bites you.
You take 1 damage, and have 21/56 hp.
You closely miss the jackal. "This might be better!"
The adder evaporates and reforms as a killer bee!
The jackal closely misses you.
You hit the jackal.
The jackal seems to slow down.
The jackal bites you but does no damage.
You hit the jackal. You freeze the jackal.
You kill the jackal!
The centaur skeleton seems less confused.
The bat closely misses you.
You closely miss the bat. The bat hits you but does no damage.
Unknown command.
You closely miss the killer bee. The killer bee stings you.
You take 1 damage, and have 21/56 hp.
You barely miss the killer bee. The killer bee completely misses you.
The killer bee closely misses you.
You closely miss the killer bee.
The killer bee stings you but does no damage.
You are feeling hungry.
You miss the killer bee. The killer bee stings you.
The killer bee stings you but does no damage.
You take 4 damage, and have 17/56 hp.
Unknown command.
Aim: a killer bee The splash of poison hits the killer bee.
The killer bee is poisoned.
You feel slightly more hungry. The killer bee stings you.
* * * LOW HITPOINT WARNING * * *
You take 3 damage, and have 14/56 hp.
Unknown command.
You hit the killer bee.
The killer bee goes berserk!
The killer bee closely misses you. The killer bee stings you!
* * * LOW HITPOINT WARNING * * *
You take 11 damage, and have 3/56 hp.
Unknown command.
Drink which item? (? for menu, Esc to quit)
It was a potion of flight.
You feel very buoyant.
You fly up into the air.
Xom roars with laughter!
The killer bee barely misses you. The killer bee stings you!
You die...
Xom chortles!

#. #..##..## s# #.
#..##...##.# #####.
#.##..)).#.#..# ......
#.....####..o# ......
##.........#..###.....o
#.....####....o##......
##...##.<#.....o.....o.
#...#...#..###.......#
#..#...#@.##.. #........#
#...Zy###..w...##.....#
................#. #....§.
......⌠........#.# .#.#<#
......$...................
####.....###...#.#.#.#.#.#
+#...#+ #... ...... ∆
#...# ### #.# #.# #... ...
...


You could see a killer bee (berserk) and a centaur skeleton.

Vanquished Creatures
  A scorpion (D:4)
  A hound (D:3)
  2 orc wizards
  3 adders (D:2)
  5 worms
  3 giant geckos
  6 orcs
  3 giant cockroaches
  7 hobgoblins
  6 jackals
  8 kobolds
  2 ball pythons
  3 bats
  4 giant newts
  7 goblins
  10 rats
71 creatures vanquished.

Notes
Turn   | Place    | Note
--------------------------------------------------------------
     0 | D:1      | RobertPalmer the Naga Chaos Knight began the quest for the Orb.
     0 | D:1      | Reached XP level 1. HP: 21/21 MP: 1/1
   159 | D:1      | XOM: divination: magic mapping
   217 | D:1      | XOM: confuse monster(s)
   222 | D:1      | Reached XP level 2. HP: 28/28 MP: 2/2
   950 | D:2      | Reached skill level 4 in Long Blades
   950 | D:2      | Reached XP level 3. HP: 20/34 MP: 3/3
  1134 | D:2      | XOM: silly message
  1293 | D:2      | XOM: swap monsters
  1361 | D:2      | Reached XP level 4. HP: 18/42 MP: 4/4
  1594 | D:2      | XOM: divination: detect creatures
  1602 | D:2      | Noticed Ijyb
  1608 | D:2      | Banished Ijyb
  1608 | D:2      | Reached skill level 5 in Long Blades
  1747 | D:3      | Reached XP level 5. HP: 42/49 MP: 5/5
  1887 | D:3      | Reached skill level 6 in Long Blades
  1912 | D:3      | Noticed Sigmund
  2026 | D:4      | XOM: cast spell 'Blink'
  2032 | D:4      | XOM: divination: detect items
  2036 | D:4      | XOM: potion effect (berserk rage)
  2040 | D:4      | Reached XP level 6. HP: 56/56 MP: 6/6
  2074 | D:4      | HP: 11/56 [worm (5)]
  2194 | D:4      | XOM: silly message
  2271 | D:4      | XOM: silly message
  2286 | D:4      | XOM: potion effect (haste)
  2290 | D:4      | XOM: polymorph adder -> hobgoblin
  2308 | D:4      | XOM: polymorph adder -> killer bee
  2316 | D:4      | HP: 14/56 [killer bee (3)]
  2317 | D:4      | HP: 3/56 [killer bee (11)]
  2318 | D:4      | Mangled by a killer bee

Vault maps used:
D:1:      dpeg_arrival_signposts
D:2:      minmay_mini_jars, uniq_iyjb
D:3:      dk_noncrumbling_3, uniq_crazy_yiuf_cottage, uniq_sigmund
D:4:      nicolae_ru_path_of_blood, old_standard_altar, first_bread,
          grunt_ministairs_6, serial_park_tiny_pond, st_stairs_10

Action                   |  1- 3 |  4- 6 || total
-------------------------+-------+-------++-------
Melee: Falchion          |   111 |   145 ||   256
 Abil: Spit Poison       |       |     2 ||     2
  Use: Scroll            |       |     6 ||     6
       Potion            |       |     1 ||     1
 Stab: Paralysed         |     1 |     1 ||     2
  Eat: Chunk             |     1 |     3 ||     4

Vault maps used:
D:1:      dpeg_arrival_signposts
D:2:      minmay_mini_jars, uniq_iyjb
D:3:      dk_noncrumbling_3, uniq_crazy_yiuf_cottage, uniq_sigmund
D:4:      nicolae_ru_path_of_blood, old_standard_altar, first_bread,
          grunt_ministairs_6, serial_park_tiny_pond, st_stairs_10

Table legend:
 A = Turns spent in this place as a percentage of turns spent in the entire game.
 B = Non-inter-level travel turns spent in this place as a percentage of non-inter-level travel turns spent in the entire game.
 C = Inter-level travel turns spent in this place as a percentage of turns spent in this place.
 D = Turns resting spent in this place as a percentage of non-inter-level travel turns spent in this place.
 E = Turns spent auto-exploring this place as a percentage of non-inter-level travel turns spent in this place.
 F = Non-inter-level travel turns spent in this place divided by the number of levels of this place that you've seen.
                   A       B       C       D       E      F
               +-------+-------+-------+-------+-------+----------------------
         Total | 100.0 | 100.0 |   0.5 |   3.5 |  10.3 | 183.8
       Dungeon | 100.0 | 100.0 |   0.5 |   3.5 |  10.3 | 183.8
               +-------+-------+-------+-------+-------+----------------------

Table legend:
 A = Kills in this place as a percentage of kills in entire the game.
 B = Kills by you in this place as a percentage of kills by you in the entire game.
 C = Kills by friends in this place as a percentage of kills by friends in the entire game.
 D = Other kills in this place as a percentage of other kills in the entire game.
 E = Experience gained in this place as a percentage of experience gained in the entire game.
 F = Experience gained in this place divided by the number of levels of this place that you have seen.
                   A       B       C       D       E      F
               +-------+-------+-------+-------+-------+----------------------
         Total | 100.0 | 100.0 |  -nan | 100.0 | 100.0 |  94.5
       Dungeon | 100.0 | 100.0 |  -nan | 100.0 | 100.0 |  94.5
               +-------+-------+-------+-------+-------+----------------------
